Map: Orbital Shipyard

Players

Cheerful

  • Race: Zerg Zerg
  • League: Diamond

Milant - Winner!

  • Race: Terran Terran
  • League: Master

VOD

https://www.youtube.com/watch?v=it6VOuMWAec

Description

Time

  • Played on: Nov. 12, 2015, 8:27 p.m.
  • Length: 11:22
Show
View Real Time Build Order
Export as new Build Order

Cheerful Zerg 

Build Orders: Hatch First 

Get SALT Encoding   

  12  0:01  Drone  
  13  0:08  Drone  
  14  0:15  Drone, Extractor  
  14  0:22  Drone, Extractor  
  16  0:43  Hatchery  
  16  0:47  Overlord  
  15  0:58  Drone, Extractor x2  
  16  1:09  Spawning Pool  
  16  1:10  Drone  
  16  1:16  Drone, Extractor  
  16  1:19  Drone  
  16  1:22  Drone  
  18  1:32  Drone  
  19  1:42  Overlord  
  19  1:56  Queen  
  19  1:57  Queen  
  19  2:00  Drone x2  
  25  2:06  Zergling x4  
  27  2:15  Drone  
  28  2:16  Metabolic Boost  
  28  2:35  Drone x3  
  28  2:36  Queen  
  33  2:43  Overlord x2  
  33  2:49  Drone  
  33  2:50  Drone  
  35  3:00  Overlord x2  
  35  3:18  Queen x2  
  35  3:19  Drone x5  
  44  3:20  Drone  
  45  3:29  Zergling x2  
  45  3:30  Zergling x2  
  47  3:41  Zergling x4  
  47  3:46  Extractor  
  47  3:49  Hatchery  
  46  3:57  Drone x8  
  54  4:12  Overlord  
  54  4:13  Overlord  
  54  4:16  Overlord, Extractor  
  53  4:25  Zergling x2  
  53  4:26  Zergling x4  
  57  4:31  Zergling x4  
  53  4:49  Drone x5  
  54  4:53  Spore Crawler  
  54  5:00  Drone x7  
  54  5:03  Queen  
  59  5:17  Drone  
  59  5:18  Drone x4  
  64  5:23  Evolution Chamber  
  64  5:24  Evolution Chamber  
  62  5:30  Lair  
  62  5:32  Drone x9, Roach Warren  
  68  5:46  Drone x5  
  70  5:50  Zerg Missile Weapons Level 1, Zerg Ground Armor Level 1  
  69  5:59  Spore Crawler  
  69  6:00  Spore Crawler  
  65  6:06  Drone x9  
  72  6:13  Spore Crawler  
  67  6:25  Drone x5  
  69  6:30  Spore Crawler  
  67  6:35  Drone x4  
  67  6:38  Overseer  
  71  6:41  Queen  
  74  6:59  Drone x4  
  74  7:00  Drone  
  79  7:02  Extractor  
  79  7:03  Overlord  
  78  7:09  Overlord  
  78  7:10  Overlord  
  78  7:11  Overlord  
  78  7:20  Glial Reconstitution, Roach x6  
  90  7:25  Drone x2  
  90  7:29  Drone  
  93  7:30  Drone x3, Extractor  
  93  7:33  Hatchery, Roach x4  
  102  7:57  Roach x10  
  122  8:01  Overlord x2  
  122  8:09  Overlord  
  122  8:10  Overlord  
  122  8:20  Hatchery  
  120  8:31  Roach x12  
  120  8:33  Hydralisk Den  
  143  8:41  Roach  
  143  8:42  Zerg Ground Armor Level 2, Zerg Missile Weapons Level 2  
  143  8:43  Extractor  
  143  8:44  Overlord x4  
  144  8:56  Pneumatized Carapace  
  144  9:02  Hatchery  
  143  9:07  Hydralisk x7  
  137  9:26  Roach x8  
  153  9:36  Roach x2  
  141  9:46  Hydralisk  
  143  10:00  Hatchery  
  143  10:05  Hydralisk x6  
  154  10:18  Hydralisk x2  
  158  10:35  Roach x5  
  168  10:36  Hatchery  
  167  10:53  Hydralisk x2  
  171  10:57  Infestation Pit  
Show
View Real Time Build Order
Export as new Build Order

Milant Terran - Winner!

Build Orders: Hellion Banshee, MMM Bio 

Get SALT Encoding   

  12  0:01  SCV  
  13  0:13  SCV  
  14  0:17  Supply Depot  
  14  0:25  SCV  
  15  0:39  SCV, Barracks  
  16  0:45  Refinery  
  16  0:51  SCV  
  17  1:03  SCV  
  18  1:15  SCV  
  19  1:27  Orbital Command  
  19  1:29  Barracks Reactor  
  19  1:39  Command Center  
  19  1:51  Supply Depot  
  19  1:53  SCV  
  20  2:06  Factory  
  20  2:07  Marine x2  
  22  2:09  SCV  
  23  2:21  SCV  
  24  2:25  Marine x2  
  26  2:33  SCV  
  27  2:45  SCV  
  28  2:53  Starport, Orbital Command  
  28  2:56  Marine  
  28  2:58  SCV  
  30  2:59  Hellion x2  
  30  3:01  Supply Depot  
  34  3:10  SCV  
  35  3:13  Refinery, Marine  
  35  3:19  SCV  
  37  3:22  SCV, Widow Mine  
  40  3:30  Medivac  
  40  3:31  SCV, Hellion  
  46  3:34  SCV  
  46  3:37  Barracks Tech Lab  
  46  3:43  SCV  
  46  3:46  SCV  
  48  3:48  Supply Depot  
  48  3:51  Hellion  
  50  3:55  SCV  
  50  3:58  SCV  
  50  3:59  Hellion  
  54  4:10  SCV x2  
  54  4:13  Supply Depot, Hellion  
  54  4:14  Banshee  
  54  4:15  Cloaking Field  
  61  4:22  SCV  
  62  4:26  SCV  
  62  4:28  Hellion  
  61  4:34  SCV, Barracks Tech Lab  
  61  4:35  Supply Depot, Hellion  
  61  4:38  SCV  
  62  4:46  SCV  
  62  4:50  Hellion  
  54  4:53  SCV  
  54  4:54  Marine  
  54  4:57  Banshee, Hellion  
  54  4:58  SCV  
  62  5:04  Stimpack  
  62  5:05  SCV  
  63  5:10  Command Center, SCV  
  63  5:13  Hellion  
  66  5:17  SCV, Marine  
  66  5:18  Hellion  
  68  5:23  SCV  
  69  5:28  Barracks x2  
  69  5:29  SCV  
  69  5:35  SCV  
  71  5:41  SCV  
  70  5:44  Hellion x2  
  70  5:45  Marine  
  70  5:47  SCV  
  70  5:49  Engineering Bay  
  68  5:50  Engineering Bay  
  68  5:53  SCV  
  69  5:59  SCV  
  69  6:03  Refinery x2, Marine  
  71  6:05  SCV  
  71  6:06  Barracks  
  71  6:08  Barracks  
  73  6:11  SCV  
  73  6:17  SCV  
  73  6:18  Barracks Reactor x2  
  74  6:19  Terran Infantry Weapons Level 1, Terran Infantry Armor Level 1  
  74  6:23  SCV  
  75  6:29  SCV  
  75  6:30  Orbital Command, Marine  
  77  6:35  SCV, Supply Depot  
  77  6:37  Supply Depot  
  78  6:41  SCV  
  79  6:47  SCV, Orbital Command  
  79  6:48  Supply Depot x2, Marine  
  79  6:50  Medivac x2  
  79  6:54  SCV, Marine  
  86  6:55  Marine x3  
  86  6:59  SCV  
  91  7:06  SCV  
  92  7:08  Barracks Reactor  
  92  7:09  Barracks Reactor  
  92  7:11  SCV, Marine  
  92  7:12  Marine x2  
  92  7:13  Supply Depot  
  92  7:15  Supply Depot  
  96  7:16  Refinery  
  96  7:18  SCV, Armory, Marine  
  96  7:19  Supply Depot x2  
  96  7:20  Supply Depot, Combat Shields, Medivac  
  100  7:23  Marine  
  100  7:24  SCV  
  100  7:26  Bunker  
  100  7:29  Marauder  
  104  7:30  Marine x2  
  104  7:34  Medivac  
  104  7:36  Marine  
  109  7:41  Marine  
  110  7:44  Supply Depot  
  110  7:45  Supply Depot  
  110  7:46  Siege Tank  
  110  7:47  Marine x3  
  110  7:48  Marine x3  
  110  7:50  Medivac  
  110  7:51  Marauder  
  123  7:54  Marine  
  124  7:59  Marine  
  124  8:03  Command Center  
  124  8:05  Marine x3, Medivac  
  129  8:06  Marine x3  
  129  8:11  Marine  
  129  8:12  Marine  
  135  8:16  Terran Infantry Weapons Level 2  
  135  8:17  Marine  
  135  8:19  Terran Infantry Armor Level 2  
  136  8:23  Marine x4  
  136  8:24  Marine  
  141  8:29  Marine x2  
  141  8:30  Marine  
  141  8:31  Medivac  
  146  8:35  Marine  
  146  8:40  Marine  
  146  8:41  Marine x4  
  149  8:42  Medivac  
  149  8:47  Marine x3  
  157  8:53  Barracks, Marine  
  157  8:54  Barracks  
  157  8:55  Starport  
  158  8:56  Barracks  
  158  8:58  Marine x2  
  158  8:59  Marine  
  158  9:01  Medivac, Marine x2  
  165  9:07  Marine  
  165  9:09  Marine  
  167  9:12  Medivac  
  169  9:18  Marauder, Marine x2  
  157  9:26  Marine x4  
  157  9:27  Marine  
  157  9:29  Marine  
  163  9:31  Medivac  
  163  9:35  Marine  
  163  9:37  Marine  
  161  9:40  Marauder  
  161  9:42  Medivac  
  159  9:49  Barracks Tech Lab x2  
  159  9:50  Barracks Tech Lab, Starport Reactor  
  159  9:52  Marine x3  
  156  9:53  Marine x4  
  156  9:58  Marine  
  162  10:01  Marauder, Medivac  
  166  10:09  Marine x2  
  166  10:10  Marauder x2, Marine  
  166  10:12  Medivac  
  175  10:14  Marine x3  
  175  10:19  Marine x2  
  175  10:20  Supply Depot  
  175  10:21  Sensor Tower  
  180  10:23  Marauder  
  180  10:26  Marine  
  180  10:27  Marine x2  
  180  10:28  Marauder  
  187  10:31  Marauder  
  187  10:32  Marine, Marauder  
  192  10:40  Planetary Fortress  
  192  10:43  Marine x2  
  192  10:44  Marauder  
  192  10:46  Marine  
  192  10:49  Marauder  
  191  10:50  Marine  
  191  10:53  Marine, Marauder x2  
Tags
 
Add a new tag
Caveats
  • Supply blocks, unpowered buildings, or Contaminate may cause inaccurate times.
  • Supply counts are checked every 10 seconds.